SR
PHOENIX HOTSPUR ACADEMY @ STATEN ISLAND PIZZA RATS
07/30/2034
 
TOP OF THE 1ST
Phoenix Hotspur Academy batting - Pitching for Staten Island Pizza Rats : LHP Artur Corteso
Pitching: LHP Artur Corteso
Batting: RHB Brad Lamb 0-0: Ball
1-0: Ball
2-0: Ball
3-0: Called Strike
3-1: Foul Ball, location: 2F
3-2: Base on Balls
Batting: RHB Paco González 0-0: Swinging Strike
0-1: Ball
Passed Ball!
Brad Lamb to second
1-1: Foul Ball, location: 2F
1-2: Foul Ball, location: 2F
1-2: Foul Ball, location: 2F
1-2: 2-RUN HOME RUN (Flyball, 7LD), Distance : 336 ft
Batting: RHB Brit Davis 0-0: Ball
1-0: Ball
2-0: Called Strike
2-1: Called Strike
2-2: Fly out, F9 (Flyball, 9LMF)
Batting: RHB Nathan Pruitt 0-0: Foul Ball, location: 2F
0-1: Ball
1-1: Foul Ball, location: 2F
1-2: Ball
2-2: Foul Ball, location: 2F
2-2: Ball
3-2: Foul Ball, location: 2F
3-2: Ground out 1-3 (Groundball, P)
Batting: RHB Frank Ray 0-0: Ball
1-0: Foul Ball, location: 2F
1-1: Swinging Strike
1-2: Strikes out swinging
Top of the 1st over - 2 runs, 1 hit, 0 errors, 0 left on base; Phoenix 2 - Staten Island 0
BOTTOM OF THE 1ST
Staten Island Pizza Rats batting - Pitching for Phoenix Hotspur Academy : LHP Tim Lockhart
Pitching: LHP Tim Lockhart
Batting: RHB Curt Rovira 0-0: Ball
1-0: Foul Ball, location: 2F
1-1: Ball
2-1: Swinging Strike
2-2: Strikes out swinging
Batting: LHB Wilson Sabadodíaz 0-0: Called Strike
0-1: Ball
1-1: Ball
2-1: Foul Ball, location: 2F
2-2: Strikes out swinging, 2-3 out at first.
Batting: RHB Doug Becker 0-0: Ball
1-0: Foul Ball, location: 2F
1-1: Called Strike
1-2: Ball
2-2: SINGLE (Line Drive, 6D)
Batting: LHB Tony Rincón 0-0: Ball
1-0: Foul Ball, location: 2F
1-1: Foul Ball, location: 2F
1-2: Strikes out swinging
Bottom of the 1st over - 0 runs, 1 hit, 0 errors, 1 left on base; Phoenix 2 - Staten Island 0
TOP OF THE 2ND
Phoenix Hotspur Academy batting - Pitching for Staten Island Pizza Rats : LHP Artur Corteso
Batting: RHB Gabriel Méndez 0-0: Called Strike
0-1: Swinging Strike
0-2: Fly out, F8 (Flyball, 8RD)
Batting: LHB Pancho Coloma 0-0: Called Strike
0-1: SINGLE (Flyball, 89M)
Batting: LHB Daniel Joseph 0-0: Called Strike
0-1: Ball
1-1: Ball
2-1: Fly out, F9 (Flyball, 89M)
Batting: SHB Bernardo Pacheco 0-0: Called Strike
0-1: Foul Ball, location: 2F
0-2: Strikes out swinging
Top of the 2nd over - 0 runs, 1 hit, 0 errors, 1 left on base; Phoenix 2 - Staten Island 0
BOTTOM OF THE 2ND
Staten Island Pizza Rats batting - Pitching for Phoenix Hotspur Academy : LHP Tim Lockhart
Batting: RHB Brock Waxley 0-0: Ball
1-0: Ball
2-0: Swinging Strike
2-1: Ball
3-1: Base on Balls
Batting: LHB Ismael Soto 0-0: Called Strike
0-1: Foul Ball, location: 2F
0-2: Ball
1-2: Foul Ball, location: 2F
1-2: Strikes out swinging
Batting: LHB Puck Schit 0-0: Called Strike
0-1: Called Strike
0-2: TRIPLE (Flyball, 8RXD)
Brock Waxley scores
Batting: RHB Jorge Japón 0-0: Called Strike
0-1: Ball
1-1: Fly out, F9 (Flyball, 9S)
Batting: LHB Kahutea Eperaima 0-0: Foul Ball, location: 2F
0-1: Swinging Strike
0-2: SINGLE (Line Drive, 8LS)
Puck Schit scores
Batting: RHB Curt Rovira 0-0: Ball
1-0: DOUBLE (Line Drive, 7LM)
Kahutea Eperaima to third
Batting: LHB Wilson Sabadodíaz 0-0: Ball
1-0: Called Strike
1-1: Ball
2-1: Swinging Strike
2-2: Ball
3-2: Foul Ball, location: 2F
3-2: Base on Balls
Batting: RHB Doug Becker 0-0: Ball
1-0: Ball
2-0: Foul Ball, location: 2F
2-1: Foul Ball, location: 2F
2-2: Ball
3-2: Strikes out swinging
Bottom of the 2nd over - 2 runs, 3 hits, 0 errors, 3 left on base; Phoenix 2 - Staten Island 2
TOP OF THE 3RD
Phoenix Hotspur Academy batting - Pitching for Staten Island Pizza Rats : LHP Artur Corteso
Batting: RHB Brad Lamb 0-0: Called Strike
0-1: Ball
1-1: SINGLE (Line Drive, 9S)
Batting: RHB Paco González 0-0: Ball
1-0: Fly out, F3 (Popup, 3SF)
Batting: RHB Brit Davis 0-0: Called Strike
Brad Lamb steals 2nd base
0-1: Fly out, F7 (Flyball, 7)
Batting: RHB Nathan Pruitt 0-0: Called Strike
0-1: Swinging Strike
0-2: Ball
1-2: Strikes out swinging
Top of the 3rd over - 0 runs, 1 hit, 0 errors, 1 left on base; Phoenix 2 - Staten Island 2
BOTTOM OF THE 3RD
Staten Island Pizza Rats batting - Pitching for Phoenix Hotspur Academy : LHP Tim Lockhart
Batting: LHB Tony Rincón 0-0: Called Strike
0-1: Called Strike
0-2: Strikes out swinging
Batting: RHB Brock Waxley 0-0: Foul Ball, location: 2F
0-1: Foul Ball, location: 2F
0-2: Ground out 5-3 (Groundball, 56)
Batting: LHB Ismael Soto 0-0: Foul Ball, location: 2F
0-1: Foul Ball, location: 2F
0-2: Foul Ball, location: 2F
0-2: Ground out U3 (Groundball, 34S)
Bottom of the 3rd over - 0 runs, 0 hits, 0 errors, 0 left on base; Phoenix 2 - Staten Island 2
TOP OF THE 4TH
Phoenix Hotspur Academy batting - Pitching for Staten Island Pizza Rats : LHP Artur Corteso
Batting: RHB Frank Ray 0-0: Called Strike
0-1: Foul Ball, location: 2F
0-2: Ball
1-2: Ball
2-2: Foul Ball, location: 2F
2-2: SINGLE (Flyball, 78S)
Batting: RHB Gabriel Méndez 0-0: Ball
Throwing error on steal attempt, E2
Frank Ray to third
1-0: Foul Ball, location: 2F
1-1: Ball
2-1: Ground out 6-3 (Groundball, 6S)
Frank Ray scores
Batting: LHB Pancho Coloma 0-0: Ball
1-0: Fly out, F4 (Popup, 4MD)
Batting: LHB Daniel Joseph 0-0: Ball
1-0: Called Strike
1-1: Called Strike
1-2: Foul Ball, location: 2F
1-2: Fly out, F8 (Flyball, 8LD)
Top of the 4th over - 1 run, 1 hit, 1 error, 0 left on base; Phoenix 3 - Staten Island 2
BOTTOM OF THE 4TH
Staten Island Pizza Rats batting - Pitching for Phoenix Hotspur Academy : LHP Tim Lockhart
Batting: LHB Puck Schit 0-0: Ball
1-0: Ground out 4-3 (Groundball, 4)
Batting: RHB Jorge Japón 0-0: Ball
1-0: Foul Ball, location: 2F
1-1: Foul Ball, location: 2F
1-2: Ball
2-2: Ground out 5-3 (Groundball, 56)
Batting: LHB Kahutea Eperaima 0-0: Ball
1-0: Foul Ball, location: 2F
1-1: Foul Ball, location: 2F
1-2: Foul Ball, location: 2F
1-2: Strikes out swinging
Bottom of the 4th over - 0 runs, 0 hits, 0 errors, 0 left on base; Phoenix 3 - Staten Island 2
TOP OF THE 5TH
Phoenix Hotspur Academy batting - Pitching for Staten Island Pizza Rats : LHP Artur Corteso
Batting: SHB Bernardo Pacheco 0-0: Ball
1-0: Ball
2-0: Swinging Strike
2-1: Ball
3-1: Foul Ball, location: 2F
3-2: Strikes out swinging
Batting: RHB Brad Lamb 0-0: Ball
1-0: Swinging Strike
1-1: Ball
2-1: Foul Ball, location: 2F
2-2: Foul Ball, location: 2F
2-2: Ball
3-2: Foul Ball, location: 2F
3-2: SINGLE (Line Drive, 7S)
Batting: RHB Paco González 0-0: SINGLE (Flyball, 9S)
Brad Lamb to second
Brad Lamb to third
Batting: RHB Brit Davis 0-0: Ball
1-0: SINGLE (Flyball, 78S)
Brad Lamb scores
Paco González to second
Batting: RHB Nathan Pruitt 0-0: Ball
1-0: Swinging Strike
1-1: Ball
2-1: Foul Ball, location: 2F
2-2: Strikes out looking
Batting: RHB Frank Ray 0-0: Swinging Strike
0-1: Ball
1-1: SINGLE (Groundball, 34D)
Paco González to third
Brit Davis to second
Runner from 3rd tries for Home, SAFE, no throw
Batting: RHB Gabriel Méndez 0-0: Ball
1-0: Swinging Strike
1-1: Ball
2-1: Foul Ball, location: 2F
2-2: Ground out 6-3 (Groundball, 6S)
Top of the 5th over - 2 runs, 4 hits, 0 errors, 2 left on base; Phoenix 5 - Staten Island 2
BOTTOM OF THE 5TH
Staten Island Pizza Rats batting - Pitching for Phoenix Hotspur Academy : LHP Tim Lockhart
Batting: RHB Curt Rovira 0-0: Called Strike
0-1: Ball
1-1: Ball
2-1: Ball
3-1: Base on Balls
Batting: LHB Wilson Sabadodíaz 0-0: Ball
1-0: Called Strike
Curt Rovira is caught stealing 2nd base
1-1: Foul Ball, location: 2F
1-2: Foul Ball, location: 2F
1-2: Ball
2-2: Ground out 1-3 (Groundball, 15S)
Batting: RHB Doug Becker 0-0: Called Strike
0-1: Fly out, F7 (Flyball, 7)
Bottom of the 5th over - 0 runs, 0 hits, 0 errors, 0 left on base; Phoenix 5 - Staten Island 2
TOP OF THE 6TH
Phoenix Hotspur Academy batting - Pitching for Staten Island Pizza Rats : LHP Artur Corteso
Batting: LHB Pancho Coloma 0-0: Ball
1-0: Called Strike
1-1: Fly out, F5 (Popup, 56S)
Batting: LHB Daniel Joseph 0-0: Ball
1-0: Called Strike
1-1: SINGLE (Groundball, 6MD)
Batting: SHB Bernardo Pacheco 0-0: Foul Ball, location: 2F
0-1: Foul Ball, location: 2F
0-2: Fly out, F7 (Flyball, 78S)
Batting: RHB Brad Lamb 0-0: Ball
1-0: Called Strike
1-1: Swinging Strike
1-2: Ball
2-2: Ball
3-2: Foul Ball, location: 2F
3-2: Base on Balls
Daniel Joseph to second
Batting: RHB Paco González 0-0: Foul Ball, location: 2F
0-1: Ball
1-1: Ball
2-1: Called Strike
2-2: Reached on error, E6 (Groundball, 6)
Daniel Joseph to third
Brad Lamb to second
Batting: RHB Brit Davis 0-0: Ball
1-0: Ball
2-0: SINGLE (Groundball, 56D)
Daniel Joseph scores
Brad Lamb to third
Paco González to second
Runner from 3rd tries for Home, SAFE, no throw
Pitching: RHP Millard Murphy
Batting: RHB Nathan Pruitt 0-0: Ground out 1-3 (Groundball, P)
Top of the 6th over - 2 runs, 2 hits, 1 error, 2 left on base; Phoenix 7 - Staten Island 2
BOTTOM OF THE 6TH
Staten Island Pizza Rats batting - Pitching for Phoenix Hotspur Academy : LHP Tim Lockhart
Batting: LHB Tony Rincón 0-0: Called Strike
0-1: Ball
1-1: Ball
2-1: Ball
3-1: Ground out 5-3 (Groundball, 56)
Batting: RHB Brock Waxley 0-0: Ball
1-0: Ball
2-0: Called Strike
2-1: Foul Ball, location: 2F
2-2: Ball
3-2: Fly out, F5 (Popup, 56S)
Batting: LHB Ismael Soto 0-0: Called Strike
0-1: Ball
1-1: Called Strike
1-2: Ball
2-2: Foul Ball, location: 2F
2-2: Fly out, F8 (Flyball, 8RM)
Bottom of the 6th over - 0 runs, 0 hits, 0 errors, 0 left on base; Phoenix 7 - Staten Island 2
TOP OF THE 7TH
Phoenix Hotspur Academy batting - Pitching for Staten Island Pizza Rats : RHP Millard Murphy
Batting: RHB Frank Ray 0-0: Ball
1-0: Ball
2-0: Ball
3-0: Called Strike
3-1: Swinging Strike
3-2: Base on Balls
Batting: RHB Gabriel Méndez 0-0: Called Strike
0-1: Called Strike
0-2: Foul Ball, location: 2F
0-2: Strikes out swinging
Batting: LHB Pancho Coloma 0-0: Called Strike
0-1: Ball
1-1: Called Strike
1-2: Ball
Frank Ray steals 2nd base
2-2: Foul Ball, location: 2F
2-2: Foul Ball, location: 2F
2-2: Ball
3-2: Base on Balls
Batting: LHB Daniel Joseph 0-0: Ball
1-0: Ball
2-0: Ball
3-0: Base on Balls
Frank Ray to third
Pancho Coloma to second
Batting: SHB Bernardo Pacheco 0-0: Ball
1-0: Ball
2-0: Foul Ball, location: 2F
2-1: Called Strike
2-2: Fly out, F7 (Flyball, 7)
Runner from 3rd tags up, SCORES, throw made
Batting: RHB Brad Lamb 0-0: Foul Ball, location: 2F
0-1: Swinging Strike
0-2: Foul Ball, location: 2F
0-2: Ball
1-2: Foul Ball, location: 2F
1-2: Ball
Wild Pitch!
Pancho Coloma to third
Daniel Joseph to second
2-2: Ground out 3-1 (Groundball, 34S)
Top of the 7th over - 1 run, 0 hits, 0 errors, 2 left on base; Phoenix 8 - Staten Island 2
BOTTOM OF THE 7TH
Staten Island Pizza Rats batting - Pitching for Phoenix Hotspur Academy : LHP Tim Lockhart
Batting: LHB Puck Schit 0-0: Foul Ball, location: 2F
0-1: Ball
1-1: Fly out, F1 (Line Drive, 15)
Batting: RHB Jorge Japón 0-0: Ground out 6-3 (Groundball, 6)
Batting: LHB Kahutea Eperaima 0-0: Swinging Strike
0-1: Ball
1-1: Ball
2-1: Fly out, F6 (Popup, 6D)
Bottom of the 7th over - 0 runs, 0 hits, 0 errors, 0 left on base; Phoenix 8 - Staten Island 2
TOP OF THE 8TH
Phoenix Hotspur Academy batting - Pitching for Staten Island Pizza Rats : RHP Millard Murphy
Batting: RHB Paco González 0-0: Ball
1-0: Ground out 6-3 (Groundball, 6)
Batting: RHB Brit Davis 0-0: Called Strike
0-1: Called Strike
0-2: Fly out, F3 (Popup, 23F)
Batting: RHB Nathan Pruitt 0-0: Swinging Strike
0-1: Ball
1-1: Swinging Strike
1-2: Strikes out swinging
Top of the 8th over - 0 runs, 0 hits, 0 errors, 0 left on base; Phoenix 8 - Staten Island 2
BOTTOM OF THE 8TH
Staten Island Pizza Rats batting - Pitching for Phoenix Hotspur Academy : LHP Tim Lockhart
Batting: RHB Curt Rovira 0-0: Ball
1-0: Ball
2-0: Called Strike
2-1: Ball
3-1: Foul Ball, location: 2F
3-2: Base on Balls
Pitching: RHP Bob Robertson
Batting: LHB Wilson Sabadodíaz 0-0: Swinging Strike
0-1: Ball
1-1: Ball
2-1: Foul Ball, location: 2F
2-2: Foul Ball, location: 2F
2-2: Fielders Choice at 2nd, 6-4 (Groundball, 56)
Batting: RHB Doug Becker 0-0: DOUBLE (Line Drive, 78D)
Wilson Sabadodíaz to third
Batting: LHB Tony Rincón 0-0: Foul Ball, location: 2F
0-1: Called Strike
0-2: Fly out, F9 (Flyball, 9S)
Batting: RHB Brock Waxley 0-0: Called Strike
0-1: Ball
1-1: Ball
2-1: Ball
3-1: Base on Balls
Batting: LHB Ismael Soto 0-0: Swinging Strike
0-1: Swinging Strike
0-2: Fly out, F9 (Flyball, 89M)
Bottom of the 8th over - 0 runs, 1 hit, 0 errors, 3 left on base; Phoenix 8 - Staten Island 2
TOP OF THE 9TH
Phoenix Hotspur Academy batting - Pitching for Staten Island Pizza Rats : RHP Millard Murphy
Batting: RHB Frank Ray 0-0: Ground out 5-3 (Groundball, 2L)
Batting: RHB Gabriel Méndez 0-0: Ball
1-0: Called Strike
1-1: Ball
2-1: Foul Ball, location: 2F
2-2: Fly out, F8 (Flyball, 8RD)
Batting: LHB Pancho Coloma 0-0: Swinging Strike
0-1: Foul Ball, location: 2F
0-2: Strikes out looking
Top of the 9th over - 0 runs, 0 hits, 0 errors, 0 left on base; Phoenix 8 - Staten Island 2
BOTTOM OF THE 9TH
Staten Island Pizza Rats batting - Pitching for Phoenix Hotspur Academy : RHP Bob Robertson
Now in LF: Ben Tyler
Batting: LHB Puck Schit 0-0: Ground out 4-3 (Groundball, 4)
Batting: RHB Jorge Japón 0-0: Called Strike
0-1: Ball
1-1: Ball
2-1: Foul Ball, location: 2F
2-2: Strikes out swinging
Batting: LHB Kahutea Eperaima 0-0: Ball
1-0: Foul Ball, location: 2F
1-1: Called Strike
1-2: Foul Ball, location: 2F
1-2: Foul Ball, location: 2F
1-2: Foul Ball, location: 2F
1-2: Ground out U3 (Groundball, 3L)
Bottom of the 9th over - 0 runs, 0 hits, 0 errors, 0 left on base; Phoenix 8 - Staten Island 2
Friday, March 29th, 2019 - OOTP Baseball 18.8 Build 76